 Dungeon Crawl Stone Soup version 0.21-a0-634-gaf8bc5d (webtiles) character file.

326 Amnesiac the Chopper (level 6, -1/57 HPs)
             Began as a Hill Orc Fighter on Dec 30, 2017.
             Slain by a wight
             ... wielding a +1 halberd
              (10 damage)
             ... on level 2 of the Dungeon.
             The game lasted 00:03:54 (1886 turns).

Amnesiac the Chopper (Hill Orc Fighter)             Turns: 1886, Time: 00:03:55

Health: -1/57      AC:  8    Str: 21    XL:     6   Next: 49%
Magic:  6/6        EV:  4    Int:  8    God:
Gold:   94         SH:  8    Dex: 10    Spells: 5/5 levels left

rFire    . . .     SeeInvis .   a - +0 war axe
rCold    . . .     Gourm    .   c - +0 shield
rNeg     . . .     Faith    .   g - +0 chain mail
rPois    .         Spirit   .   (no helmet)
rElec    .         Reflect  .   (no cloak)
rCorr    .         Harm     +   (no gloves)
MR       .....                  (no boots)
Stlth    ..........             k - amulet of harm
HPRegen  0.19/turn              (no ring)
MPRegen  0.10/turn              (no ring)

@: heavily drained
A: no striking features
a: no special abilities


You were on level 2 of the Dungeon.
You were hungry.

You visited 1 branch of the dungeon, and saw 3 of its levels.

You collected 94 gold pieces.

Inventory:

Hand Weapons
 a - a +0 war axe (weapon)
Missiles
 e - 2 needles of confusion
 h - 46 stones (quivered)
Armour
 c - a +0 shield (worn)
 g - a +0 chain mail (worn)
 o - a +0 pair of boots
Jewellery
 k - an amulet of harm (around neck)
Scrolls
 b - 2 scrolls of teleportation {!r, unknown}
 j - 3 scrolls of identify {!r, unknown}
 p - a scroll of magic mapping {!r, unknown}
Potions
 d - 4 potions of might {!q}
 i - a potion of agility {!q, unknown}
 n - a potion of berserk rage {!q, unknown}
 q - a potion of degeneration {!q, unknown}
 r - a potion of lignification {!q, unknown}
Comestibles
 f - 6 rations


   Skills:
 + Level 5.7(3.7) Fighting
 * Level 7.3(5.4) Axes
 - Level 3.2(1.5) Armour
 - Level 3.2(1.5) Shields


You had 5 spell levels left.
You didn't know any spells.

Dungeon Overview and Level Annotations

Branches:
Dungeon (3/15)

Altars:
Okawaru
Vehumet


Message History

You slash the wight!
You destroy the wight!
No target in view!
No target in view!
No target in view!
Things that are here:
an enchanted great sword; a robe You start resting.
Eating a chunk of flesh.
You eat the chunk of flesh.
This raw flesh tastes terrible.
HP restored.
Things that are here:
an enchanted great sword; a robe
There is a stone staircase leading down, spattered with blood here.
You start resting.
HP restored.
You climb downwards.
The wight hits you with an enchanted halberd!
There is a stone staircase leading up, spattered with blood here.
You closely miss the wight.
The wight hits you with an enchanted halberd.
You hit the wight but do no damage. The wight completely misses you.
You completely miss the wight.
The wight hits you with an enchanted halberd.
You feel drained.
You barely miss the wight.
The wight hits you with an enchanted halberd.
You feel drained.
You hit the wight.
The wight is heavily damaged.
The wight barely misses you.
You hit the wight but do no damage.
The wight is heavily damaged.
The wight hits you but does no damage.
Your shield and chain mail prevent you from hitting the wight.
The wight is heavily damaged.
The wight hits you with an enchanted halberd.
* * * LOW HITPOINT WARNING * * *
You are feeling hungry.
You hit the wight but do no damage.
The wight is heavily damaged.
You block the wight's attack.
You completely miss the wight.
The wight is heavily damaged.
The wight hits you but does no damage.
You hit the wight but do no damage.
The wight is heavily damaged.
The wight hits you with an enchanted halberd.
* * * LOW HITPOINT WARNING * * *
You closely miss the wight.
The wight is heavily damaged.
You block the wight's attack.
The wight hits you with an enchanted halberd.
* * * LOW HITPOINT WARNING * * *
You hit the wight.
The wight is heavily damaged.
The wight hits you with an enchanted halberd.
* * * LOW HITPOINT WARNING * * *
You are too injured to fight recklessly!
Press: ? - help, v - describe, . - travel
Here: a wight, wielding an enchanted halberd and wearing a robe (heavily damaged)
The floor.
Unknown command.
The wight hits you from afar with an enchanted halberd!
You die...

.......####......#
##.....#....#..###
##..>..........#
..........####.##########
.......#### #..##......#
.......########.##......#
............###..#......#
........................#
.....###.....###@#......#
....#...........<.[.....#
............###z.########
........#...# #.....###
........#...# ###.....#
.......##...# ###...#
.......###### #...#
.......# ##### .....#.#


You could see a wight.

Vanquished Creatures
  2 wights
  Terence (D:3)
  Jessica (D:2)
  Natasha (thrice) (D:2)
  3 adders
  3 gnolls (D:3)
  An ooze (D:3)
  3 worms (D:3)
  2 dart slugs (D:1)
  6 bats
  2 goblins
  9 hobgoblins
  A ball python (D:1)
  4 frilled lizards
  11 kobolds
  2 rats
54 creatures vanquished.

Notes
Turn   | Place    | Note
-------+----------+-------------------------------------------
     0 | D:1      | Amnesiac the Hill Orc Fighter began the quest for the Orb.
     0 | D:1      | Reached XP level 1. HP: 19/19 MP: 1/1
    19 | D:1      | Reached skill level 3 in Axes
   103 | D:1      | Reached XP level 2. HP: 27/27 MP: 2/2
   296 | D:1      | Reached skill level 4 in Axes
   363 | D:1      | Reached XP level 3. HP: 33/33 MP: 3/3
   874 | D:2      | Found an iron altar of Okawaru.
   879 | D:2      | Noticed Natasha
   880 | D:2      | Noticed Jessica
   892 | D:2      | Killed Natasha
   892 | D:2      | Reached XP level 4. HP: 35/41 MP: 4/4
   899 | D:2      | Reached skill level 5 in Axes
   904 | D:2      | Killed Jessica
   908 | D:2      | Noticed Natasha
   910 | D:2      | Killed Natasha
   910 | D:2      | Reached XP level 5. HP: 39/47 MP: 5/5
   917 | D:2      | Noticed Natasha
   926 | D:2      | Killed Natasha
  1080 | D:2      | Reached skill level 5 in Fighting
  1080 | D:2      | Reached skill level 6 in Axes
  1251 | D:2      | Found a radiant altar of Vehumet.
  1482 | D:3      | Noticed Terence
  1490 | D:3      | Killed Terence
  1490 | D:3      | Reached XP level 6. HP: 50/56 MP: 6/6
  1576 | D:2      | Reached skill level 7 in Axes
  1886 | D:2      | Slain by a wight

Vault maps used:
D:1:      mrwooster_arrival_statue_3, st_stairs_10, corexii_corridor_pit
D:2:      okawaru_trees_1, lemuel_coloured_pillars_altar, uniq_natasha,
          uniq_jessica
D:3:      marbit_many_paths, first_ration, serial_glass, glass_columns_c,
          glass_columns_a, minmay_strange_pillars, item_on_display_a,
          due_unseen_surprise, feat_on_display, elyvilon_altar_5, uniq_terence,
          uniq_sigmund

Skill      XL: |  1  2  3  4  5  6 |
---------------+-------------------+-----
Axes           | 3 4 5 6 7 |  7.3
Fighting       | 4 5 |  5.7
Armour         | |  3.2
Shields        | |  3.2

Action                   |  1- 3 |  4- 6 || total
-------------------------+-------+-------++-------
Melee: War axe           |    97 |    96 ||   193
  Use: Potion            |       |     2 ||     2
  Eat: Chunk             |       |     3 ||     3
Armor: Scale mail        |     4 |       ||     4
       Chain mail        |    53 |    37 ||    90
Dodge: Dodged            |    19 |    18 ||    37
Block: Shield            |    45 |    39 ||    84

Table legend:
 A = Spawn XP
 B = Non-spawn XP
 C = Spawn XP percentage of total XP
 D = Spawn monster count
 E = Non-spawn monster count
 F = Spawn count percentage of total count
 G = Total turns spent on level
                    A         B        C        D         E        F      G
               +---------+---------+-------+---------+---------+-------+---------
         Total |       0 |     467 |   0.0 |       0 |      54 |   0.0 |  1886
               +---------+---------+-------+---------+---------+-------+---------
           D:1 |       0 |     105 |   0.0 |       0 |      26 |   0.0 |  1050
           D:2 |       0 |     239 |   0.0 |       0 |      14 |   0.0 |   616
           D:3 |       0 |     123 |   0.0 |       0 |      14 |   0.0 |   220
               +---------+---------+-------+---------+---------+-------+---------
